 Dungeon Crawl Stone Soup version 0.25.1-11-g244df3a29b (webtiles) character file.

Game seed: 7021683436145631805

1190 DeepDeath the Cutter (level 8, -2/54 HPs)
             Began as a Demonspawn Wanderer on Nov 10, 2023.
             Was an Initiate of Okawaru.
             Slain by a big kobold zombie (3 damage)
             ... in an ossuary.
             The game lasted 00:24:29 (6804 turns).

DeepDeath the Cutter (Demonspawn Wanderer)          Turns: 6804, Time: 00:24:30

Health: -2/54      AC: 12    Str: 17    XL:     8   Next: 20%
Magic:  11/11      EV: 11    Int: 14    God:    Okawaru [......]
Gold:   273        SH:  5    Dex: 16    Spells: 10/11 levels left

rFire    . . .     SeeInvis +   w - +1 rapier (drain)
rCold    + . .     Gourm    .   (no shield)
rNeg     . . .     Faith    .   o - +2 leather armour {rC+}
rPois    .         Spirit   .   (helmet restricted)
rElec    .         Reflect  +   (no cloak)
rCorr    .         Harm     .   A - +0 pair of gloves
MR       .....                  (no boots)
Stlth    ++........             n - amulet of reflection
HPRegen  0.18/turn              g - +6 ring of strength
MPRegen  0.12/turn              r - ring of see invisible

@: marked, sanguine armour
A: horns 1, demonic guardian 1, rot immunity, sanguine armour 1
a: Renounce Religion


You were in an ossuary.
You worshipped Okawaru.
Okawaru was noncommittal.
You were very hungry.

You visited 2 branches of the dungeon, and saw 7 of its levels.
You also visited: Ossuary.

You collected 273 gold pieces.

Inventory:

Hand Weapons
 a - a +1 dagger
 w - a +1 rapier of draining (weapon)
 C - a +0 falchion
Missiles
 b - 283 stones (quivered)
 e - 23 poisoned darts
 h - 95 sling bullets
 j - 5 boomerangs
 p - 116 arrows
Armour
 d - a +0 robe
 o - a +2 leather armour of cold resistance (worn)
 t - the +0 robe of the Wilderness {Harm rPois Dex+2}
   (You found it on level 4 of the Dungeon)

   It affects your dexterity (+2).
   It protects you from poison.
   It increases damage dealt and taken.
 A - a +0 pair of gloves (worn)
 J - a +0 ring mail
Magical Staves
 x - an uncursed staff of conjuration
Jewellery
 g - a +6 ring of strength (left hand)
 l - an uncursed ring of protection from fire
 m - an uncursed amulet of faith
 n - an amulet of reflection (around neck)
 r - a ring of see invisible (right hand)
 D - an uncursed ring of flight
Wands
 v - a wand of flame (15)
 F - a wand of clouds (6)
 G - a wand of random effects (14)
Scrolls
 i - 5 scrolls of remove curse
 u - a scroll of holy word {unknown}
 z - a scroll of amnesia
 E - a scroll of noise
 I - 2 scrolls of identify
Potions
 c - a potion of ambrosia {unknown}
 k - a potion of brilliance
 s - 2 potions of stabbing
Comestibles
 f - 6 rations


   Skills:
 - Level 1.0 Fighting
 + Level 7.9 Short Blades
 - Level 1.0 Staves
 + Level 1.6 Armour
 - Level 1.0 Stealth
   Level 1.0 Shields
 - Level 2.0 Spellcasting
   Level 2.6 Air Magic
 - Level 3.0 Earth Magic
 + Level 1.6 Invocations
 - Level 1.0 Evocations


You had 10 spell levels left.
You knew the following spells:

 Your Spells              Type           Power        Failure   Level  Hunger
z - Sandblast             Erth           #.....       9%          1    ##.....

Your spell library contained the following spells:

 Spells                   Type           Power        Failure   Level  Hunger
 Passwall                 Tmut/Erth      #.......     22%         2    ###....
 Magic Dart               Conj           #...         28%         1    ##.....
 Stone Arrow              Conj/Erth      #.....       41%         3    ####...
 Conjure Flame            Conj/Fire      #.......     63%         3    ####...
 Petrify                  Tmut/Erth      #.......     83%         4    #####..
 Lee's Rapid Deconstruct  Erth           #.........   92%         5    ######.


Dungeon Overview and Level Annotations

Branches:
Dungeon (6/15)             Temple (1/1) D:6         Ossuary (1/1)

Altars:
Ashenzari
Cheibriados
Dithmenos
Elyvilon
Fedhas
Gozag
Hepliaklqana
Kikubaaqudgha
Makhleb
Nemelex Xobeh
Okawaru
Qazlal
Ru
Sif Muna
Trog
Uskayaw
Vehumet
Wu Jian
Zin
The Shining One


Innate Abilities, Weirdness & Mutations

You have a pair of small horns on your head.
A weak demonic guardian rushes to your aid.
You are immune to rotting.
When seriously injured, your bleeding wounds create armour. (AC +6)


Message History

Your shadow imp closely misses the big kobold zombie.
The centaur zombie barely misses you.
The big kobold zombie barely misses you.
You hit the centaur zombie.
The centaur zombie is heavily damaged.
Your shadow imp hits the big kobold zombie.
You block the centaur zombie's attack.
You hit the centaur zombie but do no damage.
You headbutt the centaur zombie.
The centaur zombie is severely damaged.
Your shadow imp hits the big kobold zombie.
The centaur zombie hits you.
* * * LOW HITPOINT WARNING * * *
The big kobold zombie hits you but does no damage.
You hit the centaur zombie. You headbutt the centaur zombie.
The centaur zombie is almost destroyed.
The centaur zombie completely misses you.
Your shadow imp hits the big kobold zombie.
The big kobold zombie hits you.
You die...

#ยง.....!#
#......!#
#......?#
#......!#
##..^^^##
##...^^##
#.^.....#
##.....##
#...@...#
##.Z.Z.##
#...5...#
##....^##
#...(...#
##.....##
#..^....#
##.^.^.##
.....^.#


You could see a big kobold zombie, a centaur zombie and a friendly shadow imp
(summoned).

Vanquished Creatures
  Edmund (D:5)
  A sky beast (D:6)
  An ogre (D:5)
  A crocodile (D:5)
  A scorpion (D:4)
  A centaur zombie (D:5)
  4 hounds
  2 orc wizards
  Jessica (D:2)
  An iguana (D:5)
  5 worker ants
  A big kobold zombie (Ossuary)
  3 mummies (Ossuary)
  6 adders
  A shadow imp (D:5)
  An ooze (D:3)
  2 worms (D:3)
  5 dart slugs
  6 leopard geckos
  16 orcs
  A giant cockroach (D:1)
  10 goblins
  4 hobgoblins
  25 jackals
  2 quokkas
  10 bats
  7 frilled lizards
  A hobgoblin zombie (Ossuary)
  20 kobolds
  A leopard gecko skeleton (D:4)
  6 rats
147 creatures vanquished.

Vanquished Creatures (collateral kills)
  A howler monkey (D:5)
  2 centaur zombies (Ossuary)
  An orc priest (D:4)
  A big kobold zombie (Ossuary)
  2 mummies (Ossuary)
  An adder (D:4)
  A frilled lizard (D:4)
9 creatures vanquished.

Grand Total: 156 creatures vanquished

Notes
Turn   | Place    | Note
-------+----------+-------------------------------------------
     0 | D:1      | DeepDeath the Demonspawn Wanderer began the quest for the
                  | Orb.
     0 | D:1      | DeepDeath set off with the following items: a +0 dagger, a
                  | potion of lignification, a +0 robe, a ration; and the
                  | following spells available to memorise: Sandblast, Magic
                  | Dart, Passwall, Stone Arrow, Conjure Flame, Petrify, Lee's
                  | Rapid Deconstruction
     0 | D:1      | Reached XP level 1. HP: 15/15 MP: 1/1
    44 | D:1      | Learned a level 1 spell: Sandblast
   183 | D:1      | Reached skill level 1 in Short Blades
   183 | D:1      | Gained mutation: You are immune to rotting. [demonic
                  | ancestry]
   183 | D:1      | Reached XP level 2. HP: 12/21 MP: 1/3
   189 | D:1      | Reached skill level 1 in Spellcasting
   728 | D:1      | Reached skill level 2 in Short Blades
   736 | D:1      | Reached XP level 3. HP: 4/26 MP: 2/4
  1749 | D:2      | Found a burning altar of Makhleb.
  2177 | D:2      | Noticed Jessica
  2180 | D:2      | Killed Jessica
  2180 | D:2      | Gained mutation: When seriously injured, your bleeding
                  | wounds create armour. (AC +6) [demonic ancestry]
  2180 | D:2      | Reached XP level 4. HP: 32/32 MP: 5/5
  2273 | D:2      | Found an opulent altar of Gozag.
  2771 | D:2      | Reached skill level 3 in Short Blades
  3386 | D:3      | Reached XP level 5. HP: 37/37 MP: 3/7
  4256 | D:4      | Reached skill level 4 in Short Blades
  4260 | D:4      | Gained mutation: A weak demonic guardian rushes to your
                  | aid. [demonic ancestry]
  4260 | D:4      | Reached XP level 6. HP: 37/43 MP: 7/9
  4642 | D:4      | Reached skill level 5 in Short Blades
  5371 | D:4      | Got a warped robe
  5383 | D:4      | Identified the cursed +0 robe of the Wilderness {Harm rPois
                  | Dex+2} (You found it on level 4 of the Dungeon)
  5444 | D:5      | Entered Level 5 of the Dungeon
  5543 | D:5      | Found a shattered altar of Ashenzari.
  5597 | D:5      | Gained mutation: You have a pair of small horns on your
                  | head. [demonic ancestry]
  5597 | D:5      | Reached XP level 7. HP: 43/48 MP: 10/10
  5716 | D:5      | Reached skill level 6 in Short Blades
  5745 | D:5      | Noticed Edmund
  5758 | D:5      | Killed Edmund
  6109 | D:5      | Reached skill level 7 in Short Blades
  6541 | D:5      | Found a sparkling altar of Nemelex Xobeh.
  6642 | D:6      | Found a staircase to the Ecumenical Temple.
  6651 | Temple   | Entered the Ecumenical Temple
  6671 | Temple   | Became a worshipper of Warmaster Okawaru
  6706 | D:6      | Reached skill level 1 in Armour
  6706 | D:6      | Reached XP level 8. HP: 36/54 MP: 11/11
  6724 | D:6      | Found a sand-covered staircase.
  6729 | Ossuary  | Entered an ossuary
  6774 | Ossuary  | Reached skill level 1 in Invocations
  6803 | Ossuary  | HP: 1/54 [centaur zombie (5)]
  6804 | Ossuary  | Slain by a big kobold zombie

Illustrated notes

Levels and vault maps discovered:
D:1:      grunt_arrival_crossed_arrows, layout_loops_cross, minmay_tromino_v7
D:2:      layout_basic, overflow_temple_1_default,
          nicolae_gozag_cash_rules_everything_around_me, uniq_jessica
D:3:      layout_rooms
D:4:      minmay_spotlight, layout_cave_pods, nrook_loot_triangle
D:5:      layout_basic, marbit_many_paths, old_standard_altar, first_ration,
          uniq_edmund
D:6:      cheibrodos_thug_alley, layout_cave_pools, kennysheep_little_box,
          xom_redecorated, minmay_temple_entry_ruins, enter_ossuary_5,
          uniq_grinder
Temple:   lightli_temple_of_artemis
Ossuary:  ossuary_the_hunt_dpeg

Skill      XL: |  1  2  3  4  5  6  7  8 |
---------------+-------------------------+-----
Short Blades   | 1 2 3 4 5 7 |  7.9
Spellcasting   | 1 2 |  2.0
Earth Magic    | 2 3 |  3.0
Armour         | 1 |  1.6
Invocations    | 1 |  1.6
Fighting       | |  1.0
Staves         | |  1.0
Stealth        | |  1.0
Shields        | |  1.0
Air Magic      | |  2.6
Evocations     | |  1.0

Action                   |  1- 3 |  4- 6 |  7- 9 || total
-------------------------+-------+-------+-------++-------
Melee: Dagger            |   133 |    90 |       ||   223
       Rapier            |       |   116 |   122 ||   238
       Headbutt          |       |       |    34 ||    34
Throw: Dart              |     2 |     6 |       ||     8
       Stone             |       |     5 |       ||     5
 Cast: Sandblast         |     9 |    44 |       ||    53
  Use: Scroll            |     4 |     7 |     6 ||    17
       Potion            |     1 |       |     6 ||     7
 Stab: Sleeping          |     5 |     3 |       ||     8
       Distracted        |       |     1 |     2 ||     3
  Eat: Chunk             |     4 |    11 |     1 ||    16
       Ration            |       |     1 |       ||     1
Armor: Robe              |    14 |    48 |    12 ||    74
       Skin              |    40 |       |       ||    40
       Leather armour    |       |       |    34 ||    34
Dodge: Dodged            |    63 |   102 |    62 ||   227
Block: Other             |     2 |    51 |    28 ||    81
       Reflection        |       |     1 |     2 ||     3
